 Dungeon Crawl Stone Soup version 0.30-a0-390-g80c34de65d (webtiles) character file.

Game seed: 8220989996402021136

2235 purpskrrrp the Thaumaturge (level 9, -3/45 HPs)
             Began as a Deep Elf Earth Elementalist on Dec 4, 2022.
             Was a Follower of Sif Muna.
             Shot with an arrow by a centaur (7 damage)
             ... on level 8 of the Dungeon.
             The game lasted 00:20:23 (8222 turns).

purpskrrrp the Thaumaturge (DEEE)                   Turns: 8222, Time: 00:20:24

Health: -3/45      AC:  4    Str:  5      XL:     9   Next: 14%
Magic:  0/23       EV: 14    Int: 25      God:    Sif Muna [*.....]
Gold:   482        SH:  0    Dex: 12 (15) Spells: 23/29 levels left

rFire   . . .      SeeInvis .    o - +3 trident (protect)
rCold   . . .      Faith    .    (no shield)
rNeg    . . .      Spirit   +    a - +0 robe
rPois   .          Reflect  .    (no helmet)
rElec   .          Harm     .    g - +1 cloak
rCorr   .          Rampage  .    (no gloves)
Will    .....      Clarity  +    (no boots)
Stlth   ++........               e - amulet of guardian spirit
HPRegen 0.27/turn                (no ring)
MPRegen 0.18/turn                (no ring)

@: hasted, unable to read, very quick
A: clarity, deterioration 1, low MP 1, inability to read after injury 1,
MP-powered wands
a: Renounce Religion, Channel Magic


You were on level 8 of the Dungeon.
You worshipped Sif Muna.
Sif Muna was aware of your devotion.
You visited 1 branch of the dungeon, and saw 8 of its levels.

You collected 482 gold pieces.

Inventory:

Hand Weapons
 i - a +0 dagger
 k - a +0 vorpal war axe
 o - a +3 trident of protection (weapon)
Missiles
 l - 15 poisoned darts
 p - 2 throwing nets
Armour
 a - a +0 robe (worn)
 g - a +1 cloak (worn)
Jewellery
 e - an amulet of guardian spirit (around neck)
 j - a ring of protection from fire
 q - a +6 ring of strength
Wands
 f - a wand of roots (19)
 m - a wand of mindburst (25)
Scrolls
 s - 3 scrolls of teleportation
 t - a scroll of blinking
Potions
 b - a potion of lignification {unknown}
 c - 2 potions of cancellation
 d - a potion of attraction {unknown}
 h - 3 potions of degeneration
 n - 2 potions of flight
 r - a potion of haste
 v - a potion of might {unknown}


   Skills:
 + Level 6.9 Dodging
 - Level 2.4 Stealth
 * Level 10.5 Spellcasting
 + Level 5.9 Transmutations
 + Level 6.8 Earth Magic


You had 23 spell levels left.
You knew the following spells:

 Your Spells              Type           Power      Damage    Failure   Level
a - Sandblast             Erth           94%        2d19      1%          1
b - Passwall              Tmut/Erth      37%        N/A       1%          2
c - Stone Arrow           Conj/Erth      60%        3d10      3%          3

Your spell library contained the following spells:

 Spells                   Type           Power      Damage    Failure   Level
 Sting                    Tmut/Pois      100%       1d8       1%          1
 Petrify                  Tmut/Erth      45%        N/A       3%          4
 Apportation              Tloc           26%        N/A       4%          1
 Kiss of Death            Conj/Necr      52%        2d9       4%          1
 Necrotise                Necr           52%        1d6       4%          1
 Summon Small Mammal      Summ           52%        N/A       4%          1
 Poisonous Vapours        Pois/Air       26%        N/A       7%          2
 Vhi's Electric Charge    Tloc/Air       26%        N/A       14%         3
 Olgreb's Toxic Radiance  Pois           13%        N/A       43%         4
 Haunt                    Necr/Summ      6%         N/A       100%        7
 Infestation              Necr           6%         N/A       100%        8


Dungeon Overview and Level Annotations

Branches:
Dungeon (8/15)             Temple (0/1) D:6
   Lair: D:8-11

Altars:
Dithmenos
Kikubaaqudgha
Nemelex Xobeh
Sif Muna
Yredelemnul

Annotations:
D:6 3 runed translucent doors, NinjaNoafa's ghost, novice SpHu


Innate Abilities, Weirdness & Mutations

You possess an exceptional clarity of mind.
Your body sometimes deteriorates upon taking damage.
Your magical capacity is low. (-10% MP)
You occasionally lose the ability to read scrolls when taking damage.
You expend magic power (3 MP) to strengthen your wands.


Message History

The blast of sand hits the centaur.
The centaur is heavily wounded.
The centaur shoots an arrow.
The arrow hits you!
The centaur shoots an arrow.
The arrow completely misses you.
You are too injured to fight recklessly!
You are too injured to fight recklessly!
Casting: Sandblast (safe; 1% risk of failure)
Confirm with . or Enter, or press ? or * to list all spells.
Aiming: Sandblast (safe; 1% risk of failure)
Press: ? - help, Shift-Dir - straight line, f/p - centaur
Aim: a centaur, wielding a +0 shortbow (heavily wounded, 91% to hit)
The blast of sand misses the centaur.
The centaur shoots an arrow.
The arrow misses you.
The centaur shoots an arrow.
The arrow barely misses you.
Casting: Sandblast (safe; 1% risk of failure)
Confirm with . or Enter, or press ? or * to list all spells.
Aiming: Sandblast (safe; 1% risk of failure)
Press: ? - help, Shift-Dir - straight line, f/p - centaur
Aim: a centaur, wielding a +0 shortbow (heavily wounded, 91% to hit)
The blast of sand hits the centaur!
The centaur is almost dead.
The centaur shoots an arrow.
The arrow hits you.
You feel threatened and lose the ability to read scrolls!
The centaur shoots an arrow.
The arrow completely misses you.
The centaur shoots an arrow.
The arrow hits you.
Your body deteriorates!
You feel clumsy. The steam dragon breathes steam at you.
The ball of steam misses you.
An orc wizard comes into view. It is wielding a +0 dagger.
You hear a shout!
You hear two shouts!
Something shouts, "Crawl home, thou canting earth-vexing gonus!"
You hear a shout!
You cannot read scrolls in your current state!
You feel yourself speed up.
The centaur shoots an arrow.
The arrow hits you!
* * * LOW HITPOINT WARNING * * *
Your body deteriorates!
You feel clumsy. The steam dragon misses you. x2
The centaur shoots an arrow.
The arrow hits you!
* * * LOW HITPOINT WARNING * * *
The centaur shoots an arrow.
The arrow hits you!
You die...

#......... ...)....
.........###.......
.........##.....).
........?##.....#
.....§!§§.......#
>....§.§.......###
......D§§§.......###
......§...§§.......##
.........@..........#
...c................#
....=..##...[.......#
.......#..#.##...####
##o....#....#...##
........#.......#####
........##.....<....#
... #..........#
...##........#


You could see a steam dragon, a centaur and an orc wizard.

Vanquished Creatures
  Grinder (D:4)
  Sigmund (D:3)
  A water moccasin (D:6)
  2 black bears
  3 ice beasts
  An ogre (D:7)
  A kobold brigand (D:7)
  A gnoll sergeant (D:6)
  A bullfrog (D:7)
  A scorpion (D:5)
  A necrophage (D:5)
  A howler monkey (D:6)
  4 hounds
  4 jellies
  6 orc priests
  A gnoll bouda (D:5)
  4 iguanas
  3 orc wizards
  7 gnolls
  8 adders
  A shadow imp (D:5)
  A white imp (D:5)
  3 worms
  2 dart slugs
  12 orcs
  4 ball pythons
  6 bats
  7 endoplasms
  2 giant cockroaches
  6 goblins
  6 hobgoblins
  9 kobolds
  4 quokkas
  5 frilled lizards
  5 rats
125 creatures vanquished.

Notes
Turn   | Place    | Note
-------+----------+-------------------------------------------
     0 | D:1      | purpskrrrp the Deep Elf Earth Elementalist began the quest
                  | for the Orb.
     0 | D:1      | Reached XP level 1. HP: 10/10 MP: 6/6
   169 | D:1      | Reached XP level 2. HP: 15/15 MP: 6/8
   258 | D:1      | Found a sparkling altar of Nemelex Xobeh.
   994 | D:2      | Reached XP level 3. HP: 19/19 MP: 3/10
  1050 | D:2      | Reached skill level 4 in Spellcasting
  1331 | D:2      | Reached XP level 4. HP: 23/24 MP: 4/12
  2129 | D:3      | Noticed Sigmund
  2132 | D:3      | Killed Sigmund
  2133 | D:3      | Reached skill level 5 in Spellcasting
  2133 | D:3      | Reached XP level 5. HP: 14/28 MP: 4/15
  2133 | D:3      | Reached XP level 6. HP: 16/32 MP: 4/16
  2148 | D:3      | HP: 1/32 [orc priest/+0 vorpal war axe (2)]
  2559 | D:3      | Found an ancient bone altar of Kikubaaqudgha.
  2672 | D:3      | Learned a level 2 spell: Passwall
  2680 | D:3      | Reached skill level 6 in Spellcasting
  3157 | D:3      | Got the Grimoire of the Warrior-Mage
  4006 | D:4      | Noticed Grinder
  4031 | D:4      | Paralysed by Grinder for 4 turns
  4035 | D:4      | Killed Grinder
  4036 | D:4      | Reached skill level 7 in Spellcasting
  4036 | D:4      | Reached skill level 5 in Earth Magic
  4036 | D:4      | Reached XP level 7. HP: 26/36 MP: 10/19
  4418 | D:4      | Found a shimmering blue altar of Sif Muna.
  4425 | D:4      | Found a basalt altar of Yredelemnul.
  5197 | D:4      | Gained mutation: You occasionally shout uncontrollably at
                  | your foes. [potion of mutation]
  5197 | D:4      | Gained mutation: Your magical capacity is low. (-10% MP)
                  | [potion of mutation]
  5197 | D:4      | Gained mutation: You are strong-willed. (Will+) [potion of
                  | mutation]
  5198 | D:4      | Lost mutation: You occasionally shout uncontrollably at
                  | your foes. [potion of mutation]
  5198 | D:4      | Lost mutation: You are strong-willed. (Will+) [potion of
                  | mutation]
  5198 | D:4      | Gained mutation: You have hidden genetic potential. [potion
                  | of mutation]
  5198 | D:4      | Lost mutation: Your magical capacity is low. (-10% MP)
                  | [potion of mutation]
  5198 | D:4      | Gained mutation: You are clumsy. (Dex -2) [potion of
                  | mutation]
  5198 | D:4      | Gained mutation: You expend magic power (3 MP) to
                  | strengthen your wands. [potion of mutation]
  5329 | D:4      | Became a worshipper of Sif Muna the Loreminder
  5334 | D:4      | Learned a level 3 spell: Stone Arrow
  5346 | D:5      | Entered Level 5 of the Dungeon
  5367 | D:5      | Reached skill level 5 in Dodging
  5594 | D:5      | Reached skill level 8 in Spellcasting
  5847 | D:5      | Reached XP level 8. HP: 30/41 MP: 11/22
  6139 | D:5      | Reached * piety under Sif Muna
  6158 | D:5      | Gained mutation: You possess an exceptional clarity of
                  | mind. [hidden potential]
  6199 | D:5      | Lost mutation: You have hidden genetic potential. [potion
                  | of mutation]
  6199 | D:5      | Lost mutation: You are clumsy. (Dex -2) [potion of
                  | mutation]
  6199 | D:5      | Gained mutation: Your spells are a little easier to cast,
                  | but a little less powerful. [potion of mutation]
  6199 | D:5      | Gained mutation: Your magical capacity is low. (-10% MP)
                  | [potion of mutation]
  6199 | D:5      | Gained mutation: You have a pair of small horns on your
                  | head. [potion of mutation]
  6205 | D:5      | Found a shadowy altar of Dithmenos.
  6212 | D:5      | Lost mutation: Your spells are a little easier to cast, but
                  | a little less powerful. [potion of mutation]
  6212 | D:5      | Lost mutation: You have a pair of small horns on your head.
                  | [potion of mutation]
  6212 | D:5      | Gained mutation: Your body sometimes deteriorates upon
                  | taking damage. [potion of mutation]
  6212 | D:5      | Gained mutation: You occasionally lose the ability to read
                  | scrolls when taking damage. [potion of mutation]
  6528 | D:6      | Noticed NinjaNoafa's ghost (novice SpHu)
  6528 | D:6      | Found a runed translucent gate.
  6528 | D:6      | Found a runed translucent gate.
  6532 | D:6      | Reached skill level 9 in Spellcasting
  6545 | D:6      | Found a runed translucent gate.
  6598 | D:6      | Reached skill level 5 in Transmutations
  6747 | D:6      | Noticed a cyclops
  7100 | D:6      | Found a staircase to the Ecumenical Temple.
  7570 | D:7      | Reached skill level 10 in Spellcasting
  7670 | D:7      | Reached XP level 9. HP: 34/45 MP: 12/22
  8222 | D:8      | Shot with an arrow by a centaur

Illustrated notes

Levels and vault maps discovered:
D:1:      spicycebolla_green_bress_n_ham_2, layout_basic, supply_closet_lemuel,
          minmay_hexomino_r4
D:2:      kennysheep_big_flooded_room, layout_loops_ring, st_stairs_12
D:3:      layout_basic, lemuel_doored_altar, hex_medium, minivault_4,
          uniq_sigmund
D:4:      layout_basic, amethyst_overflow_temple_binary, uniq_grinder
D:5:      layout_loops_ring, grunt_dithmenos_smoke_and_mirrors
D:6:      layout_loops_ring, minmay_temple_entry_crystal_x,
          gammafunk_ghost_split
D:7:      layout_basic, st_stairs_12
D:8:      layout_cave_pools, nicolae_overflow_hidden_temple

Skill      XL: |  1  2  3  4  5  6  7  8 |
---------------+-------------------------+-----
Dodging        | 3 4 5 6 |  6.9
Spellcasting   | 4 5 7 8 10 | 10.5
Transmutations | 2 3 4 5 |  5.9
Earth Magic    | 4 5 6 |  6.8
Stealth        | |  2.4

Action                   |  1- 3 |  4- 6 |  7- 9 || total
-------------------------+-------+-------+-------++-------
Melee: Unarmed           |     8 |     4 |       ||    12
       Dagger            |       |     5 |       ||     5
       War axe           |       |     4 |       ||     4
       Trident           |       |       |    78 ||    78
       Punch             |       |       |     2 ||     2
 Cast: Sandblast         |    49 |    60 |   112 ||   221
  Use: Scroll            |     1 |     9 |     8 ||    18
       Potion            |       |     4 |     5 ||     9
Armor: Robe              |     2 |     7 |    40 ||    49
Dodge: Dodged            |    22 |    22 |   102 ||   146

Table legend: (Time is in decaauts)
 A = Elapsed time spent in this place.
 B = Non-inter-level travel time spent in this place.
 C = Inter-level travel time spent in this place.
 D = Time resting spent in this place.
 E = Time spent auto-exploring this place.
 F = Levels seen in this place.
 G = Mean time per level.
                   A        B        C        D        E       F      G
               +--------+--------+--------+--------+--------+-----+--------+
         Total |   8359 |   7921 |    438 |   1288 |   5387 |   8 | 1044.9 |
       Dungeon |   8359 |   7921 |    438 |   1288 |   5387 |   8 | 1044.9 |
               +--------+--------+--------+--------+--------+-----+--------+

Top non-repeatable levels by time:
     D:3: 1880 daAuts
     D:4: 1656 daAuts
     D:2: 1064 daAuts
     D:5: 1041 daAuts
     D:6: 1023 daAuts
     D:1: 985 daAuts
     D:7: 686 daAuts
     D:8: 21 daAuts
